[Event "Titled Tuesday Blitz January 10 Early 2023"]
[White "Goldin, Roman"]
[Black "Starozhilov, Leonid"]
[WhiteFideId "2803860"]
[BlackFideId "14106752"]
[WhiteElo "2322"]
[BlackElo "2313"]
[Result "1-0"]
[Round "11"]
[TimeControl "180+2"]
[Date "2023.01.10"]
[WhiteClock "0:00:17"]
[BlackClock "0:00:11"]

1. Nf3 Nf6 2. e3 g6 3. b4 Bg7 4. Bb2 O-O 5. c4 d6 6. Be2 e5 7. d3 Nc6 8. b5 Ne7 9. O-O h6 10. Qc2 Nf5 11. Nc3 b6 12. a4 Bb7 13. a5 bxa5 14. Rxa5 Ng4 15. Rfa1 Nh4 16. e4 h5 17. Rxa7 Rb8 18. h3 Nxf3+ 19. Bxf3 Nf6 20. Bc1 Nd7 21. Be3 Kh7 22. Qd2 Bf6 23. Qe2 Bg5 24. Bxh5 Bxe3 25. fxe3 gxh5 26. Qxh5+ Kg7 27. Rf1 Qe7 28. Qg4+ Kh7 29. Rf5 Nf6 30. Qh4+ Kg7 31. Rg5# 1-0


[Site "https://www.chess.com"]

[Event "Titled Tuesday Blitz January 10 Early 2023"]
[White "Novikov, Evgenij"]
[Black "Hambleton, Aman"]
[WhiteFideId "4125380"]
[BlackFideId "2606577"]
[WhiteElo "2276"]
[BlackElo "2420"]
[Result "0-1"]
[Round "11"]
[TimeControl "180+2"]
[Date "2023.01.10"]
[WhiteClock "0:00:03"]
[BlackClock "0:00:05"]

1. d4 b6 2. e4 Bb7 3. Qe2 e6 4. g3 d5 5. e5 Ba6 6. Qd2 Bxf1 7. Kxf1 c5 8. Nf3 Nc6 9. c3 Rc8 10. Kg2 Nge7 11. Na3 Nf5 12. h4 cxd4 13. g4 dxc3 14. bxc3 Nfe7 15. h5 Na5 16. Nb5 Nec6 17. h6 g6 18. Qe2 Nc4 19. Rd1 a6 20. Nbd4 Be7 21. g5 Qc7 22. Bf4 Nxd4 23. cxd4 O-O 24. Rac1 b5 25. Nh2 Qa5 26. Rd3 Rc6 27. Ng4 Rfc8 28. Qf3 Qd8 29. Nf6+ Bxf6 30. exf6 b4 31. Rb1 a5 32. Bg3 Qd7 33. Qg4 Rb6 34. f4 a4 35. Kh3 Nd6 36. Qd1 Ne4 37. Kg2 Nc3 38. Qe1 Nxb1 39. Qxb1 Qb5 40. Re3 b3 41. f5 bxa2 42. Qxa2 Qb2+ 43. Re2 Qxa2 44. Rxa2 Ra6 45. fxe6 fxe6 46. f7+ Kxf7 47. Be5 a3 48. Rf2+ Ke8 49. Bg7 a2 50. Rf8+ Kd7 51. Rf7+ Kc6 52. Rf6 a1=Q 53. Rxe6+ Kb7 0-1


[Site "https://www.chess.com"]

[Event "Titled Tuesday Blitz January 10 Early 2023"]
[White "Jaskolka, Tomasz"]
[Black "Vlassov, Nikolai"]
[WhiteFideId "1170791"]
[BlackFideId "4103360"]
[WhiteElo "2238"]
[BlackElo "2283"]
[Result "0-1"]
[Round "11"]
[TimeControl "180+2"]
[Date "2023.01.10"]
[WhiteClock "0:00:02"]
[BlackClock "0:00:12"]

1. d4 Nf6 2. c4 Nc6 3. Nf3 e6 4. g3 Bb4+ 5. Nbd2 d6 6. Bg2 a5 7. O-O e5 8. d5 Nb8 9. a3 Bc5 10. b3 e4 11. Ng5 e3 12. Nde4 exf2+ 13. Kh1 h6 14. Nxc5 hxg5 15. Nd3 Rxh2+ 16. Kxh2 Ng4+ 17. Kh1 Qf6 18. Bxg5 Qxg5 19. Nxf2 Qh5+ 20. Nh3 Ne3 21. Qd3 Nxg2 22. Qe4+ Kf8 23. Qxg2 Qxh3+ 24. Qxh3 Bxh3 25. Rf4 g5 26. Rf3 Nd7 27. Kh2 Bg4 28. Re3 Ne5 29. Rf1 Ke7 30. Kg2 Rh8 31. Kf2 f5 32. Ke1 Kf6 33. Rc3 b6 34. b4 axb4 35. axb4 Ra8 36. c5 Ra4 37. cxb6 cxb6 38. Rb3 Nc4 39. Rb1 Ke5 40. Rc1 b5 41. Kf2 Rxb4 42. Rfd1 Rb2 43. Re1 Kxd5 44. Red1+ Kc5 45. Re1 d5 46. Kf1 d4 47. Ra1 Ne3+ 48. Kf2 Nc2 49. Rec1 Kd5 50. Ra5 d3 51. exd3 Nb4+ 52. Kg1 Nxd3 53. Rc3 Kd4 54. Raa3 Be2 55. Rc8 b4 56. Rd8+ Ke3 57. Re8+ Kf3 58. Ra5 Kxg3 0-1


[Site "https://www.chess.com"]

[Event "Titled Tuesday Blitz January 10 Early 2023"]
[White "Manukian, Artak"]
[Black "Shuvalova, Polina"]
[WhiteFideId "13301373"]
[BlackFideId "24171760"]
[WhiteElo "2196"]
[BlackElo "2484"]
[Result "1/2-1/2"]
[Round "11"]
[TimeControl "180+2"]
[Date "2023.01.10"]
[WhiteClock "0:00:17"]
[BlackClock "0:00:04"]

1. e4 c5 2. Nf3 Nc6 3. c3 d5 4. exd5 Qxd5 5. d4 Bg4 6. Be2 e6 7. h3 Bh5 8. Be3 cxd4 9. cxd4 Nf6 10. Nc3 Bb4 11. O-O Bxc3 12. bxc3 O-O 13. Rb1 b6 14. Rb5 Qd7 15. Ne5 Nxe5 16. Rxe5 Bxe2 17. Qxe2 Rac8 18. Bd2 Qc6 19. Rg5 Nd5 20. Qg4 g6 21. Qh4 f6 22. Rg3 Qd6 23. Qh6 Qd7 24. Re1 Rfe8 25. h4 Qg7 26. Qxg7+ Kxg7 27. h5 b5 28. hxg6 hxg6 29. a3 a6 30. Kf1 Kf7 31. Ke2 Rh8 32. Rh3 Rxh3 33. gxh3 Rh8 34. Rh1 g5 35. f3 Kg6 36. Kd3 Kf5 37. c4 Nf4+ 38. Bxf4 bxc4+ 39. Kxc4 Kxf4 40. d5 Rc8+ 41. Kb4 exd5 42. Ka5 Rc3 43. a4 Rxf3 44. Kxa6 Ra3 45. Kb5 d4 46. h4 g4 47. h5 Rh3 48. Rf1+ Kg5 49. a5 Rxh5 50. a6 Rh8 51. Kc4 Ra8 52. Ra1 f5 53. Kxd4 f4 54. a7 g3 55. Ke4 Kg4 56. Ra6 Re8+ 57. Kd3 g2 58. a8=Q Rxa8 59. Rxa8 Kf3 60. Rg8 Kf2 61. Ke4 f3 62. Kf4 Ke2 63. Rg7 Kf2 64. Rg4 Ke2 65. Rg5 Kf2 66. Rg4 g1=Q 67. Rxg1 Kxg1 68. Kxf3 1/2-1/2


[Site "https://www.chess.com"]

[Event "Titled Tuesday Blitz January 10 Early 2023"]
[White "Sattarov, Bobir"]
[Black "Chernomordik, Pavel"]
[WhiteFideId "14203081"]
[BlackFideId "2804530"]
[WhiteElo "2366"]
[BlackElo "2150"]
[Result "1-0"]
[Round "11"]
[TimeControl "180+2"]
[Date "2023.01.10"]
[WhiteClock "0:01:24"]
[BlackClock "0:00:06"]

1. e4 g6 2. d4 Bg7 3. Nc3 d6 4. f4 a6 5. Nf3 b5 6. Bd3 Nd7 7. O-O c5 8. dxc5 Nxc5 9. Be3 b4 10. Nd5 Rb8 11. Bxc5 dxc5 12. e5 Nh6 13. Bc4 O-O 14. h3 Nf5 15. Qe1 e6 16. Ne3 Nd4 17. Rd1 Nxf3+ 18. Rxf3 Qc7 19. Qh4 Bb7 20. Rff1 h5 21. g4 Rbd8 22. gxh5 Rd4 23. hxg6 Rfd8 24. Rd3 Be4 25. gxf7+ Kf8 26. b3 Bxd3 27. cxd3 Bxe5 28. Qh6+ Bg7 29. Qxe6 Rxf4 30. Nd5 Rxf1+ 31. Kxf1 Qd6 32. Qf5 Rd7 33. Nf4 1-0


[Site "https://www.chess.com"]

[Event "Titled Tuesday Blitz January 10 Early 2023"]
[White "Karabalis, Harilos"]
[Black "Demin, Vladimir"]
[WhiteFideId "4621808"]
[BlackFideId "4167457"]
[WhiteElo "2252"]
[BlackElo "2430"]
[Result "0-1"]
[Round "11"]
[TimeControl "180+2"]
[Date "2023.01.10"]
[WhiteClock "0:00:10"]
[BlackClock "0:00:06"]

1. c4 Nf6 2. Nc3 e6 3. e4 d5 4. e5 Ne4 5. Nf3 c5 6. cxd5 exd5 7. Nxe4 dxe4 8. Qa4+ Nc6 9. Qxe4 Be6 10. Bb5 Bd5 11. Qg4 h5 12. Qg3 h4 13. Qg4 h3 14. gxh3 a6 15. Bxc6+ Bxc6 16. Rg1 Qd3 17. Rg3 Bd7 18. Qf4 Bxh3 19. Kd1 Bf5 20. Ne1 Qd7 21. Nc2 g5 22. Qxg5 Rxh2 23. Ne3 Bd3 24. Rg1 Rxf2 25. b3 Bg6 26. Ng4 Be7 27. Qe3 Rf5 28. Nf6+ Bxf6 29. exf6+ Kd8 30. Bb2 Kc7 31. Qxc5+ Qc6 32. Qe7+ Kb8 33. Be5+ Rxe5 34. Qxe5+ Ka7 35. Rc1 Qf3+ 36. Ke1 Rd8 37. Qe3+ Qxe3+ 38. dxe3 Rd6 39. Rf1 Re6 40. Kf2 Rxf6+ 41. Ke1 Re6 42. Kd2 Rd6+ 43. Kc3 Rd3+ 44. Kb2 Rxe3 45. Rce1 Rh3 46. Rf2 Rd3 47. a4 Rd4 48. Ref1 Rd3 49. Rf4 Rd7 50. R1f3 Rc7 51. Rc3 Rd7 52. Rc7 Rxc7 53. Re4 Rd7 54. Rc4 Rd2+ 55. Ka3 Rd7 56. a5 Bf5 57. Rb4 Be6 58. Rf4 Rd5 59. Kb4 Rb5+ 60. Ka4 Bxb3+ 61. Ka3 Be6 62. Ka4 Rf5 63. Rb4 Bd7+ 64. Ka3 Rxa5+ 65. Kb2 Be6 66. Rh4 Rb5+ 67. Kc3 a5 68. Rh8 a4 69. Rh4 Rb3+ 70. Kc2 b5 71. Rh5 a3 72. Rh1 a2 73. Ra1 Rb4 74. Kc3 Rb1 75. Rxa2+ Bxa2 76. Kd4 b4 0-1


[Site "https://www.chess.com"]

[Event "Titled Tuesday Blitz January 10 Early 2023"]
[White "Oro, Faustino"]
[Black "Sreyas Payyappat"]
[WhiteFideId "20000197"]
[BlackFideId "46674969"]
[WhiteElo "2269"]
[BlackElo "2076"]
[Result "1-0"]
[Round "11"]
[TimeControl "180+2"]
[Date "2023.01.10"]
[WhiteClock "0:00:38"]
[BlackClock "0:00:12"]

1. e4 c5 2. Nf3 d6 3. d4 cxd4 4. Nxd4 Nf6 5. Nc3 a6 6. a3 Nc6 7. f3 e5 8. Nb3 Be6 9. Be3 Be7 10. Nd5 O-O 11. Qd2 b5 12. O-O-O Rc8 13. Kb1 Bxd5 14. exd5 Nb8 15. Bd3 Nbd7 16. g4 h6 17. Bxh6 gxh6 18. Qxh6 e4 19. g5 Nh7 20. Bxe4 Nxg5 21. Rdg1 f5 22. h4 Bf6 23. hxg5 Bg7 24. Qe6+ Rf7 25. g6 Ne5 26. gxf7+ 1-0


[Site "https://www.chess.com"]

[Event "Titled Tuesday Blitz January 10 Early 2023"]
[White "Salman, Pavel"]
[Black "Fiorito, Joaquin"]
[WhiteFideId "24153753"]
[BlackFideId "180173"]
[WhiteElo "2287"]
[BlackElo "2405"]
[Result "1-0"]
[Round "11"]
[TimeControl "180+2"]
[Date "2023.01.10"]
[WhiteClock "0:00:14"]
[BlackClock "0:00:04"]

1. d4 Nf6 2. Nc3 d5 3. Bf4 c5 4. e4 Nxe4 5. Nxe4 dxe4 6. dxc5 Qa5+ 7. c3 Qxc5 8. Qa4+ Nc6 9. Qxe4 g6 10. Qe3 Qxe3+ 11. Bxe3 Bg7 12. Nf3 O-O 13. Bb5 Bf5 14. O-O Rfd8 15. Rfd1 Bg4 16. Rxd8+ Nxd8 17. Nd4 e5 18. Nb3 a6 19. Bf1 Nc6 20. Nc5 Rb8 21. a4 Bf8 22. b4 Ne7 23. h3 Bf5 24. g4 Bc8 25. Bc4 Nc6 26. b5 Na5 27. Bd5 Kg7 28. Rd1 h5 29. f3 hxg4 30. hxg4 f5 31. g5 f4 32. Bf2 Be7 33. Nd3 Bxg5 34. Nxe5 axb5 35. axb5 Bf5 36. Bb6 Bd8 37. Bd4 Bf6 38. Ra1 b6 39. Nc6 Nxc6 40. bxc6 Rd8 41. Rd1 Bxd4+ 42. Rxd4 Kf6 43. c4 g5 44. Kf2 Rc8 45. Rd1 Be6 46. Rb1 Rb8 47. c7 Rc8 48. Rxb6 Rxc7 49. Rxe6+ Kg7 50. Rc6 Ra7 51. Re6 Ra2+ 52. Re2 Ra5 53. Rc2 Rc5 54. Ra2 Kf6 55. Ra6+ Ke5 56. Re6+ Kd4 57. Re4+ Kd3 58. Re5 Ra5 59. Kg2 Ra2+ 60. Kh3 Ra1 61. Rxg5 Ke3 62. Kg4 Rg1+ 63. Kf5 1-0


[Site "https://www.chess.com"]

[Event "Titled Tuesday Blitz January 10 Early 2023"]
[White "Arngrimsson, Dagur"]
[Black "Erzhanov, Arman"]
[WhiteFideId "2301288"]
[BlackFideId "4138821"]
[WhiteElo "2370"]
[BlackElo "2228"]
[Result "1-0"]
[Round "11"]
[TimeControl "180+2"]
[Date "2023.01.10"]
[WhiteClock "0:00:10"]
[BlackClock "0:01:21"]

1. d4 d6 2. c4 e5 3. dxe5 dxe5 4. Qxd8+ Kxd8 5. g3 c6 6. Bg2 Be6 7. b3 Nd7 8. Bb2 f6 9. Nd2 Bb4 10. O-O-O Kc7 11. Ngf3 a5 12. Ne4 Nh6 13. a3 Be7 14. Rd2 a4 15. b4 Bxc4 16. Rhd1 Rhd8 17. Nd6 Bxe2 18. Ne8+ Kb6 19. Rxd7 Bxd1 20. Rxe7 Bb3 21. Nxg7 Re8 22. Rxe8 Rxe8 23. Nxe8 Ng4 24. Nd6 Nxf2 25. Nd2 Nd3+ 26. Kb1 Be6 27. N2c4+ Kc7 28. Kc2 b5 29. Kxd3 bxc4+ 30. Ke4 Bf5+ 31. Kxf5 Kxd6 32. Kxf6 c3 33. Bxc3 e4 34. Bd2 c5 35. Kf5 e3 36. Bxe3 cxb4 37. axb4 a3 38. Bd4 a2 39. Ba1 Ke7 40. Bd5 h5 41. Bxa2 Kd6 42. Kg5 Kc6 43. Kxh5 Kb5 44. Kg4 Kxb4 45. h4 Ka3 46. h5 Kxa2 47. Bf6 Kb3 48. h6 Kc4 49. h7 Kd5 50. h8=Q Ke6 51. Qg8+ 1-0


[Site "https://www.chess.com"]

[Event "Titled Tuesday Blitz January 10 Early 2023"]
[White "Kuznecovs, Nikita"]
[Black "Gurevich, Dmitry"]
[WhiteFideId "11604557"]
[BlackFideId "2000407"]
[WhiteElo "2287"]
[BlackElo "2393"]
[Result "1-0"]
[Round "11"]
[TimeControl "180+2"]
[Date "2023.01.10"]
[WhiteClock "0:00:24"]
[BlackClock "0:00:04"]

1. Nf3 Nf6 2. g3 d5 3. Bg2 c6 4. O-O Bf5 5. Nh4 Bg4 6. h3 Bh5 7. g4 Bg6 8. d3 e6 9. Nd2 Be7 10. Ndf3 Nbd7 11. c3 a5 12. Bf4 Nc5 13. Qc2 Nfd7 14. Nxg6 hxg6 15. e4 O-O 16. Rad1 a4 17. c4 dxe4 18. dxe4 Qb6 19. Rd2 Rfd8 20. Rfd1 Nf6 21. Be3 Rxd2 22. Nxd2 Qb4 23. g5 Nh5 24. Nf3 Rd8 25. Rxd8+ Bxd8 26. a3 Qa5 27. h4 Bb6 28. Bd2 Qa7 29. Bc3 Nf4 30. Bf1 Qb8 31. Be5 Bc7 32. Bd4 Bb6 33. Be3 Nb3 34. Bxb6 c5 35. Qd1 Kh7 36. Qd8 Qxd8 37. Bxd8 Nc1 38. Ne5 f6 39. gxf6 gxf6 40. Bxf6 Nfe2+ 41. Bxe2 Nxe2+ 42. Kf1 Nd4 43. Nd3 1-0


[Site "https://www.chess.com"]

[Event "Titled Tuesday Blitz January 10 Early 2023"]
[White "Gonzalez, Francisco Silva"]
[Black "Hirneise, Jens"]
[WhiteFideId "1512285"]
[BlackFideId "24614734"]
[WhiteElo "2021"]
[BlackElo "2277"]
[Result "0-1"]
[Round "11"]
[TimeControl "180+2"]
[Date "2023.01.10"]
[WhiteClock "0:00:40"]
[BlackClock "0:00:08"]

1. d4 Nf6 2. c4 c5 3. d5 e6 4. Nc3 exd5 5. cxd5 g6 6. Nf3 Bg7 7. Bf4 d6 8. h3 a6 9. a4 O-O 10. e3 Re8 11. Nd2 Nh5 12. Bh2 Qh4 13. Nc4 b5 14. g3 Bxc3+ 15. bxc3 Qe4 16. Nxd6 Qxh1 17. Nxe8 Bxh3 18. Kd2 Bxf1 19. Qxf1 Qxh2 20. axb5 Nxg3 21. Qg1 Ne4+ 22. Kd3 Qe5 23. f3 Qxc3+ 24. Kxe4 Qc4+ 25. Ke5 Nd7+ 26. Kd6 Rxe8 27. Kxd7 Qxb5+ 28. Kc7 Qb8+ 29. Kd7 Kf8 30. Qg5 Qb7+ 31. Kd6 Qb6+ 32. Kd7 Qb7+ 33. Kd6 Kg7 34. Kxc5 Rc8+ 35. Kd6 Qb6+ 36. Ke5 f6+ 37. Qxf6+ Qxf6+ 38. Ke4 Qxa1 39. d6 Re8+ 40. Kd5 Qd1+ 41. Kc6 Rxe3 42. d7 Rc3+ 43. Kb6 Qd6+ 44. Ka5 Rc5+ 0-1


[Site "https://www.chess.com"]

[Event "Titled Tuesday Blitz January 10 Early 2023"]
[White "Bilan, Danila"]
[Black "Marn, Jan"]
[WhiteFideId "24161918"]
[BlackFideId "14619245"]
[WhiteElo "2303"]
[BlackElo "2345"]
[Result "0-1"]
[Round "11"]
[TimeControl "180+2"]
[Date "2023.01.10"]
[WhiteClock "0:00:03"]
[BlackClock "0:00:41"]

1. d4 d5 2. Nf3 Nf6 3. c4 e6 4. Nc3 Be7 5. Bf4 O-O 6. e3 b6 7. cxd5 Nxd5 8. Nxd5 Qxd5 9. a3 c5 10. Rc1 cxd4 11. Qxd4 Qa5+ 12. Qc3 Qxc3+ 13. Rxc3 Bd7 14. Bxb8 Raxb8 15. Rc7 Rfd8 16. Rxa7 Rbc8 17. Nd4 e5 18. Ne2 Rc2 19. f3 Rxb2 20. Kf2 Bc5 21. Kg3 Bxe3 22. Nc3 Bf2# 0-1


[Site "https://www.chess.com"]

[Event "Titled Tuesday Blitz January 10 Early 2023"]
[White "Derjabin, Ilja"]
[Black "Jimenez, Joaquin"]
[WhiteFideId "14104768"]
[BlackFideId "109860"]
[WhiteElo "2333"]
[BlackElo "2195"]
[Result "1/2-1/2"]
[Round "11"]
[TimeControl "180+2"]
[Date "2023.01.10"]
[WhiteClock "0:01:20"]
[BlackClock "0:00:53"]

1. d4 Nf6 2. c4 g6 3. Nc3 Bg7 4. e4 d6 5. Nge2 c5 6. d5 O-O 7. Ng3 e6 8. Be2 exd5 9. cxd5 a6 10. a4 b6 11. O-O Nbd7 12. f4 Re8 13. e5 dxe5 14. f5 Bb7 15. Bg5 h6 16. fxg6 hxg5 17. gxf7+ Kxf7 18. Nf5 Kg8 19. Qd2 Nh7 20. Bc4 Ndf6 21. Rae1 Qd7 22. h4 gxh4 23. Nxh4 Qg4 24. Qf2 Qxc4 25. Ne4 Qd4 26. Re3 Rf8 27. Nf5 Nxe4 28. Ne7+ Kh8 29. Ng6+ Kg8 30. Ne7+ Kh8 31. Ng6+ Kg8 32. Ne7+ 1/2-1/2


[Site "https://www.chess.com"]

[Event "Titled Tuesday Blitz January 10 Early 2023"]
[White "Kvaloy, Aksel Bu"]
[Black "Andreev, Konstantin"]
[WhiteFideId "1528815"]
[BlackFideId "24239305"]
[WhiteElo "2321"]
[BlackElo "2195"]
[Result "1-0"]
[Round "11"]
[TimeControl "180+2"]
[Date "2023.01.10"]
[WhiteClock "0:00:09"]
[BlackClock "0:00:20"]

1. d4 Nf6 2. c4 e6 3. g3 d5 4. Nf3 Bb4+ 5. Bd2 a5 6. Bg2 O-O 7. O-O Be7 8. Qc2 c6 9. Bf4 Nbd7 10. Nbd2 h6 11. e4 dxe4 12. Nxe4 Nxe4 13. Qxe4 Nf6 14. Qe2 c5 15. Rfd1 cxd4 16. Nxd4 Qb6 17. Nb5 Bd7 18. Bc7 Qa6 19. Bd6 Bxd6 20. Rxd6 Bc6 21. Bxc6 bxc6 22. Nc7 Qb7 23. Nxa8 Rxa8 24. Rad1 c5 25. Rd8+ Rxd8 26. Rxd8+ Kh7 27. Qd3+ g6 28. Qc3 Qe7 29. Rd1 e5 30. Re1 e4 31. Qxa5 Ng4 32. Qc3 f5 33. f3 Nf6 34. a4 Qd6 35. fxe4 Nxe4 36. Qe3 Qa6 37. b3 Qb6 38. Rd1 g5 39. Rd7+ Kg6 40. Qd3 Qf6 41. g4 Qa1+ 42. Qd1 Qb2 43. gxf5+ Kf6 44. Qf3 Qc1+ 45. Rd1 Qc2 46. a5 g4 47. Qxg4 Qf2+ 48. Kh1 Qe3 49. Qh4+ Ke5 50. Qe7+ Kf4 51. Qc7+ Kf3 52. Rf1+ Ke2 53. Qf4 Qd3 54. Qf3+ Qxf3+ 55. Rxf3 Kxf3 56. a6 Kf2 57. a7 Kf1 58. h4 Nf2+ 59. Kh2 Ng4+ 60. Kg3 Nf6 61. a8=Q h5 62. Qf3+ 1-0


[Site "https://www.chess.com"]

[Event "Titled Tuesday Blitz January 10 Early 2023"]
[White "Goltseva, Ekaterina"]
[Black "Ljukin, Sergei"]
[WhiteFideId "24173770"]
[BlackFideId "14102200"]
[WhiteElo "2283"]
[BlackElo "2362"]
[Result "0-1"]
[Round "11"]
[TimeControl "180+2"]
[Date "2023.01.10"]
[WhiteClock "0:00:17"]
[BlackClock "0:00:15"]

1. d4 d5 2. c4 c6 3. cxd5 cxd5 4. Bf4 Nf6 5. e3 Nc6 6. Nc3 Bf5 7. Qb3 Na5 8. Qa4+ Bd7 9. Qc2 e6 10. Bd3 Nc6 11. a3 Nh5 12. Be5 Nxe5 13. dxe5 g6 14. g4 Ng7 15. h4 Qc7 16. Nxd5 Qa5+ 17. Nc3 Qxe5 18. Nf3 Qf6 19. Be4 h5 20. g5 Qd8 21. O-O-O Qc7 22. Kb1 O-O-O 23. Nd4 a6 24. Rc1 Kb8 25. Qb3 Bc5 26. Rhd1 Qb6 27. Qxb6 Bxb6 28. b4 Nf5 29. Nxf5 gxf5 30. Bf3 Bc7 31. Ne2 Ba4 32. Rxd8+ Rxd8 33. Bxh5 Rd2 34. f4 Bb6 35. Nc3 Bb3 36. Re1 Rh2 37. Re2 Rxh4 38. Bxf7 Rh3 39. g6 Rg3 40. Kb2 Bc4 41. Rd2 Bxe3 42. Rd8+ Ka7 43. Na4 Rg2+ 44. Kc3 Bb5 45. Nc5 Bxf4 46. Rd7 Be5+ 47. Kb3 Bxd7 48. Nxd7 Bg7 49. Nc5 Rg3+ 50. Kc2 f4 51. Nxe6 Be5 52. Kd2 Rg2+ 53. Ke1 f3 54. Kf1 Bg3 55. g7 f2 56. g8=Q Rg1+ 57. Ke2 f1=Q+ 58. Ke3 Qe1+ 59. Kd4 Qd2+ 60. Kc5 Qc3+ 61. Kd5 Rd1+ 62. Ke4 Qe5+ 63. Kf3 Rf1+ 64. Kg2 Rf2+ 65. Kh3 Rh2+ 66. Kg4 Qe4+ 67. Kg5 Bh4+ 68. Kh6 Be7+ 69. Kg7 Rg2+ 70. Kh8 Qe5+ 71. Ng7 Rh2+ 72. Bh5 Rxh5+ 73. Qh7 Rxh7+ 74. Kxh7 Qe4+ 75. Kg8 Qg4 76. Kf7 Bxb4 77. axb4 Qxb4 78. Kg8 Qg4 79. Kh7 Qxg7+ 80. Kxg7 a5 81. Kh8 a4 82. Kg8 a3 83. Kf8 a2 84. Kg8 a1=Q 85. Kf8 Qb2 86. Kg8 Qa1 87. Kf8 Qb2 88. Kg8 Qe5 89. Kf8 Qc7 90. Kg8 Qe7 91. Kh8 Kb6 92. Kg8 Kc6 93. Kh8 Kd6 94. Kg8 Ke6 95. Kh8 Kf6 96. Kg8 Qg7# 0-1


[Site "https://www.chess.com"]

[Event "Titled Tuesday Blitz January 10 Early 2023"]
[White "Doluhanova, Evgeniya"]
[Black "surrenderPLS"]
[WhiteFideId "14112035"]
[WhiteElo "2275"]
[BlackElo "2533"]
[Result "0-1"]
[Round "11"]
[TimeControl "180+2"]
[Date "2023.01.10"]
[WhiteClock "0:00:06"]
[BlackClock "0:00:09"]

1. e4 c5 2. Nf3 d6 3. d4 cxd4 4. Nxd4 Nf6 5. Nc3 a6 6. Be2 e5 7. Nb3 Be7 8. Be3 Be6 9. Nd5 Nbd7 10. Nxe7 Kxe7 11. Qd3 Qc7 12. O-O-O Rhd8 13. Kb1 b5 14. h3 Bc4 15. Qd2 Nxe4 16. Qe1 Bxe2 17. Qxe2 Nef6 18. g4 Nb6 19. f4 Kf8 20. f5 Nfd5 21. Bc1 Rac8 22. g5 Qb7 23. Rh2 Nf4 24. Bxf4 exf4 25. g6 h6 26. gxf7 Qxf7 27. Nd4 Nc4 28. Ne6+ Kg8 29. Nxd8 Rxd8 30. Qe6 Qxe6 31. fxe6 Re8 32. b3 Ne3 33. Rxd6 a5 34. Rhd2 Kh7 35. Ra6 f3 36. Rf2 Nd1 37. Rxf3 b4 38. Kc1 Nc3 39. Rd3 Nxa2+ 40. Kb2 Nc3 41. Rxc3 bxc3+ 42. Kxc3 Kg6 43. Kd4 Kf6 44. Kd5 Rd8+ 45. Rd6 Rc8 46. c4 Rb8 47. c5 Rxb3 48. Rb6 Rd3+ 49. Kc4 Rd1 50. Kb5 Ra1 51. Ka6 a4 52. c6 Kxe6 53. c7+ Kd7 54. Kb7 Rc1 55. Kb8 Rxc7 56. Rg6 Rc8+ 57. Kb7 Rc7+ 58. Kb8 Kd8 59. Rg4 Rd7 60. Rxa4 Ke7 61. Rg4 g5 62. Kc8 Rd5 63. Kc7 Rc5+ 64. Kb6 Rc3 65. h4 Kf6 66. hxg5+ hxg5 67. Kb5 Kf5 68. Rg1 g4 69. Kb4 Rc7 70. Kb3 Kf4 71. Rf1+ Kg5 72. Rg1 Rc8 73. Kb2 Kf4 74. Rf1+ Ke3 75. Rg1 Kf3 76. Rf1+ Kg2 0-1


[Site "https://www.chess.com"]

[Event "Titled Tuesday Blitz January 10 Early 2023"]
[White "Pein, Jonathan"]
[Black "Fathy, Elameir"]
[WhiteFideId "417092"]
[BlackFideId "10600396"]
[WhiteElo "2265"]
[BlackElo "2300"]
[Result "1-0"]
[Round "11"]
[TimeControl "180+2"]
[Date "2023.01.10"]
[WhiteClock "0:01:25"]
[BlackClock "0:00:06"]

1. b3 d5 2. Bb2 Bf5 3. e3 e6 4. h3 h6 5. g4 Be4 6. Nf3 Nf6 7. Bg2 Be7 8. d3 Bh7 9. Nbd2 O-O 10. O-O a5 11. a4 c6 12. Qe2 Na6 13. Ne5 Nd7 14. Nxd7 Qxd7 15. f4 Nb4 16. Nf3 Bd6 17. Qf2 c5 18. Rac1 c4 19. g5 hxg5 20. Nxg5 Bg6 21. dxc4 dxc4 22. Qg3 f6 23. Nxe6 Qxe6 24. Qxg6 Qxe3+ 25. Kh1 c3 26. Rce1 Qc5 27. Bc1 Nxc2 28. Qxc2 1-0


[Site "https://www.chess.com"]

[Event "Titled Tuesday Blitz January 10 Early 2023"]
[White "Perez Rodriguez, Jennifer"]
[Black "Ladan, Nicholas"]
[WhiteFideId "3507831"]
[BlackFideId "30918855"]
[WhiteElo "2242"]
[BlackElo "2228"]
[Result "0-1"]
[Round "11"]
[TimeControl "180+2"]
[Date "2023.01.10"]
[WhiteClock "0:00:04"]
[BlackClock "0:00:04"]

1. e4 e5 2. Nf3 Nc6 3. Bc4 Nf6 4. d3 h6 5. O-O d6 6. c3 g6 7. Re1 Bg7 8. h3 O-O 9. d4 Bd7 10. Nbd2 Kh8 11. Nf1 Nh7 12. Ng3 f5 13. exf5 Bxf5 14. dxe5 Nxe5 15. Nxe5 dxe5 16. Qxd8 Raxd8 17. Nxf5 gxf5 18. f3 c6 19. Be3 a6 20. a4 Rfe8 21. a5 Nf8 22. Bb6 Rd2 23. Re2 Rxe2 24. Bxe2 Nd7 25. Be3 e4 26. fxe4 Rxe4 27. Kf2 f4 28. Ba7 Ne5 29. Rd1 Ra4 30. Rd8+ Kh7 31. Rb8 Rxa5 32. Rxb7 Kg6 33. Bd4 Bf6 34. Ra7 Ra2 35. Rb7 a5 36. Rb6 Kf5 37. Ke1 a4 38. Kd1 Nd7 39. Rb7 Bxd4 40. Rxd7 Be3 41. Bd3+ Kg5 42. Rg7+ Kf6 43. Rg6+ Ke5 44. Rxc6 Rxb2 45. Ke1 Rxg2 46. Ra6 f3 47. Rxa4 Rg1+ 48. Bf1 Rh1 49. Ra5+ Kf4 50. Ra4+ Kg3 51. Rg4+ Kh2 52. Re4 Bc5 53. Rf4 f2+ 54. Ke2 Kg3 55. Rg4+ Kh2 56. Rg6 Rg1 57. Rxh6 Rg7 58. Rc6 Re7+ 59. Kd3 Ba7 60. Rf6 Kg1 61. Be2 Rd7+ 62. Kc4 Re7 63. Kd3 Re3+ 64. Kd2 Rxh3 65. Rg6+ Kh2 66. Rf6 Be3+ 67. Kd1 Kg3 68. Rf3+ Kg2 69. Rg3+ Rxg3 0-1


[Site "https://www.chess.com"]

[Event "Titled Tuesday Blitz January 10 Early 2023"]
[White "Tania, Sachdev"]
[Black "Gutkin, Ilya"]
[WhiteFideId "5007844"]
[BlackFideId "16203470"]
[WhiteElo "2389"]
[BlackElo "2273"]
[Result "1-0"]
[Round "11"]
[TimeControl "180+2"]
[Date "2023.01.10"]
[WhiteClock "0:00:22"]
[BlackClock "0:00:02"]

1. d4 e6 2. c4 Bb4+ 3. Bd2 Qe7 4. Nc3 c5 5. d5 f5 6. a3 Ba5 7. Nb5 Bxd2+ 8. Qxd2 Na6 9. dxe6 dxe6 10. Nd6+ Kf8 11. Nxc8 Rxc8 12. Nf3 Nf6 13. e3 Ne4 14. Qc2 Rd8 15. Bd3 Nf6 16. O-O Nb8 17. Rad1 Nc6 18. Qc3 g6 19. Bc2 Kg7 20. Ba4 Qc7 21. Ng5 Rhe8 22. Nxh7 Kxh7 23. Qxf6 Rxd1 24. Rxd1 Re7 25. Bxc6 bxc6 26. g3 Rd7 27. Rxd7+ Qxd7 28. Kg2 a5 29. h4 a4 30. Qe5 Kg8 31. Qxc5 Kf7 32. Qd4 Qb7 33. c5 Qb3 34. Qd7+ Kf6 35. Qxc6 Qxb2 36. Qxa4 Qc1 37. Qd4+ e5 38. Qd6+ Kf7 39. c6 e4 40. c7 Qd1 41. Qxd1 1-0


[Site "https://www.chess.com"]

[Event "Titled Tuesday Blitz January 10 Early 2023"]
[White "Vagman, Roy"]
[Black "Alfaro, William"]
[WhiteFideId "2828995"]
[BlackFideId "6100457"]
[WhiteElo "2273"]
[BlackElo "2134"]
[Result "1-0"]
[Round "11"]
[TimeControl "180+2"]
[Date "2023.01.10"]
[WhiteClock "0:01:03"]
[BlackClock "0:01:44"]

1. e4 c5 2. Nc3 a6 3. f4 b5 4. Nf3 Bb7 5. d4 cxd4 6. Qxd4 e6 7. Bd3 Qc7 8. f5 Nf6 9. e5 Nd5 10. Nxd5 Bxd5 11. Be3 Nc6 12. Qf4 Be7 13. O-O f6 14. Qg4 O-O 15. Bf4 fxe5 16. Bh6 Rf7 17. Nh4 Kh8 18. Ng6+ hxg6 19. fxg6 Bc5+ 20. Kh1 Rxf1+ 21. Rxf1 gxh6 22. g7+ Kg8 23. Qg6 e4 24. Qf7+ Kh7 25. g8=B+ Kh8 26. Qh7# 1-0


[Site "https://www.chess.com"]

[Event "Titled Tuesday Blitz January 10 Early 2023"]
[White "Golizadeh, Asghar"]
[Black "Torres Dominguez, David"]
[WhiteFideId "12505269"]
[BlackFideId "2220857"]
[WhiteElo "2455"]
[BlackElo "1994"]
[Result "1-0"]
[Round "11"]
[TimeControl "180+2"]
[Date "2023.01.10"]
[WhiteClock "0:01:40"]
[BlackClock "0:00:41"]

1. e4 Nc6 2. Nf3 e5 3. d4 exd4 4. Bc4 Bc5 5. c3 Nf6 6. e5 d5 7. Bb5 Ne4 8. cxd4 Bb6 9. Nc3 O-O 10. O-O Bg4 11. h3 Bxf3 12. gxf3 Ng5 13. f4 Nxh3+ 14. Kg2 Qh4 15. Bxc6 bxc6 16. Qf3 Nxf2 17. Qxf2 Qxf2+ 18. Kxf2 Bxd4+ 19. Be3 Bxe3+ 20. Kxe3 Rae8 21. Kd4 f6 22. Rae1 fxe5+ 23. fxe5 Rxf1 24. Rxf1 Rf8 25. Rxf8+ Kxf8 26. e6 Ke7 27. Ke5 d4 28. Ne2 d3 29. Nd4 d2 30. Nf5+ Ke8 31. Nxg7+ Kf8 32. Kf6 1-0


[Site "https://www.chess.com"]